 Dungeon Crawl Stone Soup version 0.29.1-12-g30fa7ad0bf (webtiles) character file.

Game seed: 14305280244802665810

1183 Gabide the Trooper (level 8, -5/65 HPs)
             Began as a Mummy Berserker on Dec 16, 2022.
             Was a Priest of Trog.
             Slain by a wight
             ... wielding a +3 halberd
              (6 damage)
             ... on level 6 of the Dungeon.
             The game lasted 00:06:22 (7083 turns).

Gabide the Trooper (Mummy Berserker)                Turns: 7083, Time: 00:06:23

Health: -5/65      AC:  9    Str: 22    XL:     8   Next: 19%
Magic:  8/8        EV: 12    Int:  7    God:    Trog [***...]
Gold:   633        SH:  0    Dex: 11    Spells: 7/7 levels left

rFire   x . .      SeeInvis .     - Unarmed
rCold   + . .      Faith    .   (no shield)
rNeg    + + +      Spirit   .   e - +0 ring mail
rPois   ∞          Reflect  .   o - +0 helmet
rElec   .          Harm     .   j - +0 cloak
rCorr   .          Rampage  .   g - +0 pair of gloves
Will    +....                   v - +0 pair of boots
Stlth   +.........              (no amulet)
HPRegen 0.20/turn               (no ring)
MPRegen 0.11/turn               (no ring)

@: about to teleport
A: cold resistance 1, negative energy resistance 3, torment resistance 2, heat
vulnerability 1, in touch with death 1, no potions
a: Renounce Religion, Trog's Hand


You were on level 6 of the Dungeon.
You worshipped Trog.
Trog was most pleased with you.
You visited 1 branch of the dungeon, and saw 6 of its levels.

You collected 633 gold pieces.

Inventory:

Hand Weapons
 a - a +2 dagger of venom
 b - a +0 dagger of electrocution
Armour
 e - a +0 ring mail (worn)
 g - a +0 pair of gloves (worn)
 j - a +0 cloak (worn)
 o - a +0 helmet (worn)
 v - a +0 pair of boots (worn)
Scrolls
 d - 3 scrolls of vulnerability
 f - 2 scrolls of butterflies
 i - a scroll of fear {unknown}
 k - a scroll of identify
 l - 2 scrolls of enchant armour
 m - a scroll of teleportation
 n - 2 scrolls of silence
 p - 2 scrolls of magic mapping
 q - a scroll of noise {unknown}
 r - a scroll of torment {unknown}
 s - 2 scrolls of enchant weapon {unknown}
 u - a scroll of brand weapon {unknown}
 w - a scroll of poison {unknown}


   Skills:
 * Level 6.9 Fighting
 - Level 1.5 Armour
 + Level 3.8 Dodging
 * Level 5.7 Unarmed Combat


You had 7 spell levels left.
You didn't know any spells.
Your spell library was empty.

Dungeon Overview and Level Annotations

Branches:
Dungeon (6/15)             Temple (0/1) D:4

Altars:
Dithmenos
Gozag
Ru

Shops:
D:5 (

Annotations:
D:5 3 runed translucent doors, ChadusMaximus's ghost, amateur MiFi
D:6 2 transporters, CaptainMV's ghost, novice NaVM


Innate Abilities, Weirdness & Mutations

You are immune to poison.
Your flesh is cold resistant. (rC+)
You are immune to negative energy. (rN+++)
You are immune to unholy pain and torment.
You are vulnerable to heat. (rF-)
You are in touch with the powers of death.
You do not drink.


Message History

You are too injured to fight recklessly!
You are too injured to fight recklessly!
You are too injured to fight recklessly!
You are too injured to fight recklessly!
You are too injured to fight recklessly!
You are too injured to fight recklessly!
You are too injured to fight recklessly!
You are too injured to fight recklessly!
Your +2 dagger of venom stops dripping with poison.
You are now empty-handed.
Okay, then.
You closely miss the wight. You punch the wight.
The wight is lightly damaged.
The wight barely misses you.
You hit the wight. Your punch misses the wight.
The wight is heavily damaged.
The wight barely misses you.
You hit the wight but do no damage.
The wight is heavily damaged.
The wight hits you with a +3 halberd.
You barely miss the wight.
The wight is heavily damaged.
The wight hits you with a +3 halberd!
* * * LOW HITPOINT WARNING * * *
You barely miss the wight.
The wight is heavily damaged.
The wight hits you with a +3 halberd.
* * * LOW HITPOINT WARNING * * *
You closely miss the wight.
The wight is heavily damaged.
The wight hits you with a +3 halberd!
* * * LOW HITPOINT WARNING * * *
As you read the scroll labelled CUIHAO RYMNIR, it crumbles to dust.
It is a scroll of identify.
l - 2 scrolls of enchant armour The wight barely misses you.
As you read the scroll labelled MABLYX ESAE, it crumbles to dust.
You feel strangely unstable.
It was a scroll of teleportation.
The wight hits you with a +3 halberd.
You die...

.##5#..#'##......
...#.##...##.#..#.##......
......#........©#....##......
#.....##8.JJ..8##....#<.<....
.......#########.....#.......
(..........©.........#.......
..................#..#.......
..........#.##.#..#..#(######
...........z@........#..
>###)...###.#.##..##.
#......# #.#.....# . ......
#......# #.#####.# ......
#......# #.# #..# ...z..
#......# #.# #.##### ......
###....# #.# #.#...# ....
#....# #.# #.'.._# ..# #....#
#.# ###...#


You could see 2 jellies and a wight.

Vanquished Creatures
  A water moccasin (D:3)
  A black bear (D:5)
  An ogre (D:5)
  A phantom (D:6)
  3 necrophages (D:4)
  2 scorpions
  2 wights (D:6)
  A howler monkey (D:4)
  3 iguanas
  Jessica (D:3)
  Terence (D:3)
  2 gnolls (D:1)
  12 adders
  2 worms
  6 dart slugs
  4 orcs
  8 ball pythons
  8 endoplasms
  2 giant cockroaches
  10 goblins
  11 hobgoblins
  4 jackals (D:5)
  6 quokkas
  3 bats
  5 frilled lizards
  7 kobolds
  3 rats
110 creatures vanquished.

Notes
Turn   | Place    | Note
-------+----------+-------------------------------------------
     0 | D:1      | Gabide the Mummy Berserker began the quest for the Orb.
     0 | D:1      | Reached XP level 1. HP: 18/18 MP: 1/1
   279 | D:1      | Reached XP level 2. HP: 20/24 MP: 2/2
   832 | D:1      | Gained mutation: You are in touch with the powers of death.
                  | [Mummy growth]
   832 | D:1      | Reached XP level 3. HP: 18/29 MP: 3/3
   837 | D:1      | Reached ** piety under Trog
  1868 | D:2      | Found a sacrificial altar of Ru.
  1883 | D:2      | Reached XP level 4. HP: 16/37 MP: 4/4
  2102 | D:2      | Reached skill level 4 in Fighting
  2890 | D:3      | Reached XP level 5. HP: 42/42 MP: 5/5
  2892 | D:3      | Noticed Terence
  2903 | D:3      | Killed Terence
  3101 | D:3      | Noticed Jessica
  3105 | D:3      | Killed Jessica
  3145 | D:3      | Noticed a water moccasin
  3175 | D:3      | Killed a water moccasin
  3176 | D:3      | Reached skill level 5 in Fighting
  3176 | D:3      | Reached XP level 6. HP: 28/51 MP: 6/6
  3708 | D:3      | Found a faded altar of an unknown god.
  4314 | D:4      | Reached *** piety under Trog
  4495 | D:4      | Reached XP level 7. HP: 46/56 MP: 7/7
  4632 | D:4      | Found a staircase to the Ecumenical Temple.
  5023 | D:4      | Reached skill level 6 in Fighting
  5488 | D:5      | Entered Level 5 of the Dungeon
  5616 | D:5      | Found Xorphis's Weapon Boutique.
  5665 | D:5      | Found a runed translucent gate.
  5665 | D:5      | Found a runed translucent gate.
  5665 | D:5      | Found a runed translucent gate.
  5673 | D:5      | Found an opulent altar of Gozag.
  5673 | D:5      | Noticed a vampire
  5675 | D:5      | Noticed ChadusMaximus's ghost (amateur MiFi)
  5684 | D:5      | Reached skill level 5 in Unarmed Combat
  6492 | D:6      | Found a transporter.
  6494 | D:6      | Found a transporter.
  6494 | D:6      | Noticed CaptainMV's ghost (novice NaVM)
  6509 | D:6      | Found a shadowy altar of Dithmenos.
  6530 | D:6      | Reached XP level 8. HP: 48/65 MP: 8/8
  7081 | D:6      | HP: 1/65 [wight/+3 halberd (14)]
  7083 | D:6      | Slain by a wight

Illustrated notes

Levels and vault maps discovered:
D:1:      minmay_arrival_four_houses, layout_loops_corners, minmay_pentomino_p4
D:2:      minmay_spotlight, layout_basic, basic_altar,
          kennysheep_generic_room_14
D:3:      layout_basic, chequers_ecumenical_altar_island, uniq_jessica,
          uniq_terence
D:4:      minmay_polygon_palace, layout_basic,
          minmay_temple_entry_drinking_statues, kennysheep_boxes
D:5:      layout_basic, serial_shops, shop, serial_corexii_hall,
          chequers_hall_statues_y, corexii_hall_statues_t,
          chequers_hall_statues_wall_a, ebering_ghost_gozag
D:6:      layout_basic, grunt_temple_overflow_order_and_chaos_2,
          palyth_temple_overflow_mages, grunt_dithmenos_shadows,
          gammafunk_ghost_arena, dreamdust_princess_bridge

Skill      XL: |  1  2  3  4  5  6  7 |
---------------+----------------------+-----
Dodging        | 2 3 |  3.8
Unarmed Combat | 3 4 5 |  5.7
Fighting       | 4 5 6 |  6.9
Armour         | |  1.5

Action                   |  1- 3 |  4- 6 |  7- 9 || total
-------------------------+-------+-------+-------++-------
Melee: Short sword       |    52 |    13 |       ||    65
       Dagger            |    23 |   212 |   155 ||   390
       Punch             |     4 |     3 |     4 ||    11
       Unarmed           |     1 |       |    41 ||    42
Throw: Javelin           |       |     2 |     5 ||     7
Invok: Trog's Hand       |       |     1 |       ||     1
Evoke: Wand              |       |       |     4 ||     4
  Use: Scroll            |       |     1 |     5 ||     6
 Stab: Sleeping          |     1 |       |       ||     1
Armor: Ring mail         |     7 |   110 |    67 ||   184
Dodge: Dodged            |    36 |   164 |    98 ||   298
